 Dungeon Sprint DCSS version 0.31.0-32-g396128a36d (webtiles) character file.

Game seed: 9771608841090621703

611 Heoruswealwe the Spear-Bearer (level 7, 0/72 HPs)
             Began as a Minotaur Fighter on Mar 21, 2024.
             Was an Initiate of Gozag.
             Slain by a vampire (3 damage)
             ... in the Dungeon (Sprint IX: "|||||||||||||||||||||||||||||").
             The game lasted 00:00:59 (97 turns).

Heoruswealwe the Spear-Bearer (Minotaur Fighter)      Turns: 97, Time: 00:01:00

Health: 0/72       AC:  8    Str: 22    XL:     7   Next: 20%
Magic:  6/6        EV:  9    Int:  5    God:    Gozag
Gold:   0          SH:  4    Dex: 10    Spells: 6/6 levels left

rFire   . . .        a - +0 trident
rCold   . . .        d - +0 buckler
rNeg    . . .        c - +0 scale mail
rPois   .            (helmet restricted)
rElec   .            (no cloak)
rCorr   .            (no gloves)
SInv    .            (no boots)
Will    .....        (no amulet) Stlth
                     (no ring)
HPRegen 0.32/turn    (no ring)
MPRegen 0.10/turn

%: no teleportation
@: gold aura
A: horns 2, retaliatory headbutt
a: Renounce Religion, Potion Petition, Call Merchant, Bribe Branch


You were in the Dungeon.
You worshipped Gozag.
Gozag was noncommittal.
You visited 1 branch

Inventory:

Hand Weapons
 a - a +0 trident (weapon)
Armour
 c - a +0 scale mail (worn)
 d - a +0 buckler (worn)
Jewellery
 k - a +3 ring of dexterity
 l - a +3 ring of intelligence
Wands
 h - a wand of quicksilver (10)
Scrolls
 j - 2 scrolls of blinking
Potions
 b - a potion of might
 e - 5 potions of curing
 f - 3 potions of heal wounds
 g - a potion of haste
 i - a potion of berserk rage


   Skills:
 + Level 10.0 Fighting
 * Level 13.3 Polearms
 + Level 10.1 Armour
 - Level 3.6 Shields


You had 6 spell levels left.
You didn't know any spells.
Your spell library was empty.

Dungeon Overview and Level Annotations

Branches:
Dungeon (1/1)

Altars:
Cheibriados
Dithmenos
Elyvilon
Fedhas
Gozag
Hepliaklqana
Kikubaaqudgha
Makhleb
Nemelex Xobeh
Okawaru
Qazlal
Ru
Sif Muna
Trog
Uskayaw
Vehumet
Wu Jian
Xom
Yredelemnul
Zin
The Shining One
Jiyva
Lugonu


Innate Abilities, Weirdness & Mutations

You have a pair of horns on your head.
You reflexively headbutt those who attack you in melee.


Message History

You closely miss the kobold demonologist.
The yak is no longer distracted by gold.
The kobold demonologist completely misses you.
You furiously retaliate!
You headbutt the kobold demonologist!
You hit the kobold demonologist but do no damage.
Your headbutt misses the kobold demonologist.
The kobold demonologist is lightly wounded.
The sun demon closely misses you. You furiously retaliate!
You headbutt the sun demon.
You block the kobold demonologist's attack.
You hit the kobold demonologist.
The kobold demonologist is moderately wounded.
The sun demon hits you!!
You are engulfed in flames!
You puncture the kobold demonologist!
The kobold demonologist is heavily wounded.
The kobold demonologist looks braver for a moment.
You block the sun demon's attack.
You puncture the kobold demonologist!
The kobold demonologist is almost dead.
The sun demon barely misses you. You furiously retaliate!
You headbutt the sun demon!
The kobold demonologist gestures wildly while chanting.
You hit the kobold demonologist.
Your headbutt misses the kobold demonologist.
The kobold demonologist is almost dead.
The sun demon hits you!
* * * LOW HITPOINT WARNING * * *
You are engulfed in flames!
* * * LOW HITPOINT WARNING * * *
The kobold demonologist barely misses you.
You hit the kobold demonologist.
You kill the kobold demonologist!
The sun demon disappears in a puff of smoke!
Your Fighting skill gained 2 levels and is now at level 10!
Your Polearms skill gained 2 levels and is now at level 13!
Your Armour skill gained 2 levels and is now at level 10!
You have reached level 7!
Something hits you but does no damage. Something bites you.
You die...
Your body crumbles into a pile of gold. ▓▓▓▓▓▓▓▓▓▓▓▓▓▓▓▓▓▓▓▓▓▓▓▓ ______'!?).[[[§.@{YyD..+ ▓▓▓▓▓▓▓▓▓▓▓▓▓▓▓▓▓▓▓▓▓▓▓▓

You could see a yak, an acid dragon and a killer bee.

Vanquished Creatures
  2 kobold demonologists (D)
  2 iguanas (D)
  A gnoll (D)
  An adder (D)
  2 ball pythons (D)
  A hobgoblin (D)
  2 jackals (D)
  A rat (D)
12 creatures vanquished.

Notes
Turn   | Place    | Note
-------+----------+-------------------------------------------
     0 | D        | Heoruswealwe the Minotaur Fighter began the quest for the
                  | Orb.
     0 | D        | Reached XP level 1. HP: 19/19 MP: 0/0
     6 | D        | Reached skill level 3 in Polearms
    15 | D        | Noticed an iguana
    15 | D        | Noticed an iguana
    19 | D        | Killed an iguana
    20 | D        | Reached skill level 5 in Fighting
    20 | D        | Reached skill level 5 in Polearms
    20 | D        | Reached skill level 5 in Armour
    20 | D        | Reached XP level 2. HP: 24/29 MP: 1/1
    20 | D        | Reached XP level 3. HP: 30/36 MP: 2/2
    22 | D        | Reached skill level 6 in Polearms
    30 | D        | Reached skill level 7 in Polearms
    31 | D        | Reached XP level 4. HP: 39/44 MP: 3/3
    37 | D        | Found a snail-covered altar of Cheibriados.
    37 | D        | Found a shadowy altar of Dithmenos.
    37 | D        | Found a white marble altar of Elyvilon.
    37 | D        | Found a blossoming altar of Fedhas.
    37 | D        | Found an opulent altar of Gozag.
    38 | D        | Found a hazy altar of Hepliaklqana.
    39 | D        | Found a viscous altar of Jiyva.
    40 | D        | Found an ancient bone altar of Kikubaaqudgha.
    41 | D        | Found a corrupted altar of Lugonu.
    42 | D        | Found a burning altar of Makhleb.
    43 | D        | Found a sparkling altar of Nemelex Xobeh.
    44 | D        | Found an iron altar of Okawaru.
    45 | D        | Became a worshipper of Gozag Ym Sagoz the Greedy
    46 | D        | Found a stormy altar of Qazlal.
    47 | D        | Found a sacrificial altar of Ru.
    48 | D        | Found a shimmering blue altar of Sif Muna.
    49 | D        | Found a bloodstained altar of Trog.
    50 | D        | Found a hide-covered altar of Uskayaw.
    51 | D        | Found a radiant altar of Vehumet.
    52 | D        | Found an ornate altar of the Wu Jian Council.
    53 | D        | Found a shimmering altar of Xom.
    54 | D        | Found a basalt altar of Yredelemnul.
    55 | D        | Found a glowing silver altar of Zin.
    56 | D        | Found a glowing golden altar of the Shining One.
    81 | D        | Noticed a kobold demonologist
    81 | D        | Noticed a kobold demonologist
    81 | D        | Noticed a vampire
    81 | D        | Noticed a yak
    81 | D        | Noticed an acid dragon
    86 | D        | Noticed a chaos spawn
    86 | D        | Killed a kobold demonologist
    87 | D        | Reached skill level 11 in Polearms
    87 | D        | Reached XP level 5. HP: 56/56 MP: 4/4
    87 | D        | Reached XP level 6. HP: 62/62 MP: 5/5
    90 | D        | Noticed a sun demon
    95 | D        | HP: 2/62 [sun demon[a kobold demonologist] (11)]
    96 | D        | Killed a kobold demonologist
    97 | D        | Reached skill level 10 in Fighting
    97 | D        | Reached skill level 13 in Polearms
    97 | D        | Reached skill level 10 in Armour
    97 | D        | Reached XP level 7. HP: 3/72 MP: 6/6
    97 | D        | Slain by a vampire

Illustrated notes

Levels and vault maps discovered:
D:        linesprint [early_d, line_temple, items_1, d_10, items_2, lair_1,
          lair_end, items_3, orc_1, orc_end, items_4, d_15, swamp_1, shoals_1,
          snake_1, spider_1, d_20, vaults_1, items_5, swamp_end, shoals_end,
          snake_end, spider_end, vaults_end, d_27, items_6, zot_1, zot_end,
          crypt_end, forest_end, elf_end, slime_end, tomb_end, abyss_end,
          pan_hell_end]

Skill      XL: |  1  2  3  4  5  6 |
---------------+-------------------+-----
Polearms       | 5 7 11 13 | 13.3
Fighting       | 5 6 8 10 | 10.0
Armour         | 5 6 8 10 | 10.1
Shields        | |  3.6

Action                     |  1- 3 |  4- 6 |  7- 9 || total
---------------------------+-------+-------+-------++-------
  Melee: Trident           |    20 |    15 |       ||    35
         Headbutt          |     5 |     1 |       ||     6
 Armour: Scale mail        |     6 |     3 |     2 ||    11
  Dodge: Dodged            |     9 |     5 |       ||    14
  Block: Buckler           |     2 |     4 |       ||     6
